 Dungeon Crawl Stone Soup version 0.32-a0-986-ga09f62fbf4 (webtiles) character file.

Game seed: 15917222634857518620

671161 SlaveLabor the Slayer (level 27, -6/221 HPs)
             Began as a Djinni Air Elementalist on Feb 29, 2024.
             Was an Initiate of Gozag.
             Mangled by a white draconian
             ... wielding a +0 glaive
              (16 damage)
             ... on level 1 of the Realm of Zot on Apr 21, 2024.
             The game lasted 04:19:36 (82396 turns).

SlaveLabor the Slayer (Djinni Air Elementalist)    Turns: 82396, Time: 04:19:36

Health: -6/221     AC: 25    Str: 10    XL:     27
Gold:   3207       EV: 16    Int: 36    God:    Gozag SH:  9 Dex: 10

rFire   + + +        n - +18 lance "Wyrmbane" {slay drac, rPois rF+ rC+ AC+3}
rCold   + + .        y - +3 warlock's mirror {omnireflect}
rNeg    + + +        p - quicksilver dragon scales
rPois   ∞            M - +2 helmet {SInv}
rElec   +            t - scarf {rC+ rF+}
rCorr   .            L - +1 pair of gloves of the Eternal Void {Harm rN+++ Dex-5 Stlth-}
SInv    +            (boots unavailable)
Will    +++..        l - amulet of regeneration Stlth
                     k - ring of Lady Luck {rElec rPois Str+3 Int+6}
HPRegen 1.36/turn    T - ring "Ycsu" {rF+ rC+}

%: harm (+30% outgoing, +20% incoming), reflection, infuse magic (-7 HP)
@: gold aura, on berserk cooldown, flying, hasted and slowed, studying
Evocations
A: sickness immunity, fire resistance 2, cold vulnerability 1, float, innate
caster, HP casting, extra vitality 1
}: 6/15 runes: decaying, slimy, silver, abyssal, fiery, gossamer
a: Renounce Religion, Potion Petition, Call Merchant, Bribe Branch


You were on level 1 of the Realm of Zot.
You worshipped Gozag.
Gozag was most pleased with you.
You visited 11 branches of the dungeon, and saw 51 of its levels.
You visited Pandemonium 1 time, and saw 5 of its levels.
You visited the Abyss 2 times.
You visited 1 bazaar.

You collected 25253 gold pieces.
You spent 7800 gold pieces at shops.
You paid 14246 gold pieces to Gozag.

Inventory:

Hand Weapons
 n - the +18 lance "Wyrmbane" (weapon) {slay drac, rPois rF+ rC+ AC+3}
   (You found it on level 5 of the Pits of Slime)

   AC+3:      It affects your AC (+3).
   rF+:       It protects you from fire.
   rC+:       It protects you from cold.
   rPois:     It protects you from poison.
 E - a +5 sacred scourge of holy wrath
Missiles
 I - 3 throwing nets
Armour
 p - quicksilver dragon scales (worn)
 t - a scarf of resistance (worn)
 y - the +3 warlock's mirror (worn) {omnireflect}
   (You bought it in a shop on level 2 of the Orcish Mines)

   Omnireflect: It can block and reflect piercing ranged attacks and magical
   attacks against the wielder's willpower.
 L - the +1 pair of gloves of the Eternal Void (worn) {Harm rN+++ Dex-5 Stlth-}
   (You found it on level 12 of the Dungeon)

   Dex-5:     It affects your dexterity (-5).
   rN+++:     It renders you almost immune to negative energy.
   Harm:      It increases damage dealt and taken.
   Stlth-:    It makes you less stealthy.
 M - a +2 helmet of see invisible (worn)
 R - a +0 pair of gloves
Magical Staves
 g - a staff of air
 D - a staff of fire
 G - a staff of conjuration
 S - a staff of cold
Jewellery
 k - the ring of Lady Luck (left hand) {rElec rPois Str+3 Int+6}
   (You bought it in a shop in a bazaar)

   [ring of intelligence]

   Str+3:     It affects your strength (+3).
   Int+6:     It affects your intelligence (+6).
   rElec:     It insulates you from electricity.
   rPois:     It protects you from poison.
 l - an amulet of regeneration (around neck)
 B - an amulet of reflection
 K - a ring of resist corrosion
 T - the ring "Ycsu" (right hand) {rF+ rC+}
   (You bought it in a shop on level 2 of the Swamp)

   [ring of protection from fire]

   rF+:       It protects you from fire.
   rC+:       It protects you from cold.
 U - the amulet "Luhuhero" {Acrobat rC+ rN+ Will-}
   (You bought it in a shop in a bazaar)

   [amulet of the acrobat]

   Acrobat:   It increases your evasion while moving and waiting.
   rC+:       It protects you from cold.
   rN+:       It protects you from negative energy.
   Will-:     It decreases your willpower.
 V - the ring "Gahec" {+Blink rElec rPois rF+ MP-9}
   (You bought it in a shop on level 1 of the Vaults)

   [ring of protection from fire]

   rF+:       It protects you from fire.
   rElec:     It insulates you from electricity.
   rPois:     It protects you from poison.
   MP-9:      It affects your magic capacity (-9).
   +Blink:    It lets you blink.
Wands
 u - a wand of digging (1) (quivered)
Scrolls
 a - 2 scrolls of butterflies
 b - 24 scrolls of teleportation
 m - 13 scrolls of vulnerability
 o - 5 scrolls of poison
 r - 5 scrolls of torment
 s - a scroll of revelation
 x - 2 scrolls of brand weapon
 A - 7 scrolls of noise
 C - 10 scrolls of enchant armour
 F - 8 scrolls of fog
 O - 3 scrolls of immolation
 P - 3 scrolls of silence
 Q - 6 scrolls of enchant weapon
Potions
 c - 7 potions of enlightenment
 d - 8 potions of brilliance
 e - 10 potions of attraction
 f - 23 potions of curing
 h - 12 potions of mutation
 i - 7 potions of haste
 j - 14 potions of might
 v - 5 potions of heal wounds
 w - 4 potions of berserk rage
 z - 13 potions of ambrosia
 N - 8 potions of lignification
 X - 8 potions of cancellation
 Z - 2 potions of resistance
Miscellaneous
 H - a phantom mirror
 J - a condenser vane
 W - a phial of floods
 Y - a box of beasts


   Skills:
 - Level 25.0 Fighting
 - Level 12.0 Polearms
 - Level 17.7 Armour
 - Level 22.3 Dodging
 - Level 3.0 Stealth
 - Level 10.0 Shields
 + Level 22.8 Spellcasting
 + Level 22.8 Conjurations
 + Level 22.8 Hexes
   Level 0.0 Charms
 + Level 22.8 Summonings
 + Level 22.8 Necromancy
 + Level 22.8 Translocations
   Level 0.0 Transmutations
 + Level 22.8 Fire Magic
 + Level 22.8 Ice Magic
 + Level 22.8 Air Magic
 + Level 22.8 Earth Magic
 + Level 22.8 Alchemy
 - Level 7.0 Evocations


You knew the following spells:

 Your Spells              Type           Power      Damage    Failure   Level
a - Shock                 Conj/Air       100%       1d9       0%          1
b - Static Discharge      Conj/Air       100%       3-8/arc   0%          2
c - Airstrike             Air            58%        2d(9-25)  0%          4
d - Necrotise             Necr           100%       1d9       0%          1
e - Lesser Beckoning      Tloc           100%       N/A       0%          2
f - Swiftness             Air            100%       N/A       0%          3
g - Summon Ice Beast      Ice/Summ       100%       N/A       0%          3
h - Flame Wave            Conj/Fire      100%       2d21      0%          4
i - Iskenderun's Mystic   Conj/Tloc      100%       2d19      (+2d10%     4
j - Yara's Violent Unrav  Hex/Alch       58%        3d22      0%          5
k - Conjure Ball Lightni  Conj/Air       58%        3x3d21    1%          6
l - Summon Hydra          Summ           58%        N/A       1%          7
m - Summon Cactus Giant   Summ           58%        N/A       1%          6
n - Ignition              Fire           58%        3d16      1%          8
o - Infestation           Necr           58%        N/A       1%          8
p - Discord               Hex            58%        N/A       1%          8
q - Chain Lightning       Conj/Air       58%        3d78      12%         9
Your spell library was empty.

Dungeon Overview and Level Annotations

Branches:
Dungeon (15/15)            Temple (0/1) D:6            Lair (5/5) D:8
  Swamp (4/4) Lair:3       Spider (4/4) Lair:3        Slime (5/5) Lair:4
    Orc (2/2) D:10            Elf (3/3) Orc:2        Vaults (5/5) D:14
  Crypt (3/3) Vaults:2       Tomb (0/3) Crypt:3      Depths (4/4) D:15
    Zot (1/5) Depths:4

Altars:
Cheibriados
Dithmenos
Elyvilon
Gozag
Makhleb
Qazlal
Trog
Uskayaw
Wu Jian
Xom
Yredelemnul
Zin
The Shining One
Jiyva

Shops:
D:9 *   D:10 *[(   D:11 *   Orc:2 [:(((   Elf:3 !   Swamp:2 =   Vaults:1 =(
Vaults:2 **   Vaults:4 =[!   Depths:1 !(   Depths:4 :

Portals:
Hell: Depths:1 Depths:2 Depths:3 Depths:4
Abyss: Depths:1 Depths:3
Pandemonium: Depths:2 Depths:3
Ziggurat: Depths:3
Trove: D:12 (give +2 gold dragon scales)

Annotations:
Zot:1 Parghit


Innate Abilities, Weirdness & Mutations

You are immune to sickness and miasma.
You are immune to poison.
Your flesh is very heat resistant. (rF++)
You are vulnerable to cold. (rC-)
You float through the air rather than walking.
You learn spells naturally, not from books.
Your magical power is your life essence.
You have superior vitality. (+4 MHP)


Message History

The death cob drains your vigour!
You feel as though you will be slow longer.
You take 10 damage, and have 27/221 hp. [a] - 330 gold - resistance and enlightenment [b] - 390 gold - resistance and enlightenment [c] - 130 gold - heal wounds Purchase which effect?
You feel much better. The death cob hits you!
* * * LOW HITPOINT WARNING * * *
The death cob drains your vigour!
You feel as though you will be slow longer.
The death cob closely misses you. You block the death cob's attack. x2
The death cob hits you but does no damage.
The death cob hits you!!
* * * LOW HITPOINT WARNING * * *
You take 10 damage, and have 17/221 hp.
Okay, then.
Okay, then.
Okay, then.
Okay, then.
Casting: Iskenderun's Mystic Blast (safe; 0% risk of failure)
Confirm with . or Enter, or press ? or * to list all spells.
Lightning arcs from your hands!
The bolt of lightning hits the death cob!!!!
You destroy the death cob!
The bolt of lightning hits the black draconian knight!!!
The black draconian knight resists.
The black draconian knight is severely wounded.
The bolt of lightning hits the death cob!!!
You destroy the death cob!
Your +3 warlock's mirror {omnireflect} blocks the bolt of lightning... and reflects it back!
The bolt of lightning hits the white draconian!!!
The white draconian is severely wounded.
* * * LOW HITPOINT WARNING * * *
You hear a roar! x4; You hear a deafening roar!
You hear a roar! x4
The black draconian knight casts a spell at you.
The bolt of cold misses you.
The white draconian hits you from afar with a +0 glaive!
You die...
Your body crumbles into a pile of gold.

### ### ###.#######.#
#...$.......#
#.#q$@....#.#
#.#d#####.#.# #.#.#
#.#.# ###### #..q#
#.#.#
#☼.z.########d#####.#.#
#§##q..q.z.dTd#∩....#.#
#..d...T.$d...#######.#
#.Y.q$qq....[......)..#
##C.B...).d...#########


You could see a black draconian knight (fast) and a white draconian.

Vanquished Creatures
  Cerebov (Pan)
  the Royal Jelly (Slime:5)
  2 ancient liches
  Mennas (Pan)
  Xtahua (Depths:4)
  A royal mummy (Crypt:1)
  Josephina (Crypt:1)
  4 golden dragons
  A doom hound (Crypt:1)
  3 bone dragons
  A walking crystal tome (Depths:3)
  2 hellephants
  A tentacled monstrosity (Zot:1)
  Jorgrun (Elf:2)
  3 liches
  A deep elf blademaster (Elf:3)
  A walking divine tome (Depths:3)
  A titan (Vaults:5)
  5 acid blobs
  A quicksilver dragon (Depths:3)
  A walking earthen tome (Depths:3)
  4 Executioners (Pan)
  2 sphinxes
  2 deep elf master archers (Elf:3)
  An ancient champion (Crypt:3)
  3 death cobs (Zot:1)
  8 tengu reavers
  A storm dragon (Vaults:5)
  3 tentacled starspawn (Abyss:1)
  A shadow dragon (Vaults:5)
  7 azure jellies
  A draconian monk (Depths:4)
  5 rockslimes
  4 deep elf sorcerers (Elf:3)
  A draconian knight (Zot:1)
  8 frost giants
  5 fire giants
  A demonspawn warmonger (Pan)
  4 deep elf elementalists
  13 balrugs (Pan)
  3 ghost moths
  4 vault wardens
  2 draconian shifters
  4 reapers
  A ghoul (Crypt:1)
  A caustic shrike skeleton (Crypt:1)
  13 quicksilver oozes
  6 ironbound preservers
  5 stone giants
  2 formless jellyfish
  2 spriggan defenders
  2 draconian stormcallers
  3 ironbound thunderhulks
  Nessos (D:15)
  A lorocyproca (Depths:2)
  2 vampire knights
  5 eleionomae
  2 deep elf demonologists
  2 bunyips (Swamp:3)
  6 very ugly things
  2 white draconians (Depths:4)
  6 deep elf death magi
  A yellow draconian (Zot:1)
  A black draconian (Depths:4)
  A war gargoyle (Vaults:5)
  5 deep elf annihilators
  A red draconian (Depths:4)
  4 dire elephants
  4 spark wasps
  2 blizzard demons (Pan)
  2 eidola
  A mummy priest (Crypt:1)
  2 ettins
  2 entropy weavers
  6 fire dragons
  A shambling mangrove (Swamp:3)
  A jiangshi (Crypt:3)
  4 deep elf high priests
  3 yaktaur captains
  5 rakshasas
  Fannar (Lair:3)
  A peacekeeper (Vaults:4)
  6 hydras
  6 great orbs of eyes
  A caustic shrike simulacrum (Crypt:1)
  2 catoblepae (Lair:4)
  5 ice dragons
  18 vault guards (Vaults:5)
  A jorogumo (Lair:3)
  5 ironbound frosthearts
  2 ogre magi (Orc:2)
  Erica (D:11)
  5 alligators
  3 centaur warriors
  A ghost crab (Swamp:2)
  2 radroaches
  7 boulder beetles
  13 two-headed ogres
  3 spriggan air magi
  22 dancing weapons
  4 deep troll shamans
  7 tengu warriors
  8 deep troll earth magi
  4 death yaks (Lair:1)
  A demonic crawler (Spider:4)
  Urug (Lair:2)
  4 thrashing horrors
  An emperor scorpion zombie (Crypt:2)
  A vampire mage (Crypt:2)
  An occultist (Depths:2)
  6 hell knights (Depths:3)
  An orc high priest (Elf:2)
  7 spriggan berserkers
  A soul eater (Crypt:1)
  13 deep elf knights
  29 sun demons
  A spectral bunyip (Swamp:4)
  A wretched star (Abyss:1)
  3 pharaoh ants
  A shadow wraith (Vaults:3)
  A sixfirhy (Abyss:1)
  14 skeletal warriors
  29 deep trolls
  5 goliath frogs
  A skyshark (Lair:4)
  A fire crab (shapeshifter) (Elf:3)
  3 iron trolls
  A spatial maelstrom (Abyss:3)
  2 shadow demons
  7 orb spiders
  3 glowing orange brains
  3 arcanists
  A swamp dragon (Swamp:1)
  2 spriggan riders (Depths:2)
  2 flayed ghosts
  A spriggan druid (Swamp:2)
  7 sun moths (Pan)
  7 bog bodies
  8 deep elf archers
  2 lindwurms
  A fenstrider witch simulacrum (Crypt:1)
  4 spectral alligators (Swamp:4)
  A spectral hydra (Swamp:4)
  8 ironbound convokers
  3 steelbarb worms
  12 phantasmal warriors
  24 deep elf zephyrmancers
  3 necromancers
  An alligator zombie (Swamp:4)
  2 orc knights
  A harpy (shapeshifter) (Elf:2)
  3 large abominations
  5 thermic dynamos
  A tengu skeleton (Vaults:1)
  6 manticores
  4 wolf spiders
  25 deep elf pyromancers
  A shining eye (shapeshifter) (Vaults:5)
  2 orc sorcerers
  5 will-o-the-wisps (Swamp:4)
  A faun (shapeshifter) (Vaults:5)
  A moth of wrath (shapeshifter) (Vaults:5)
  14 ugly things
  13 vault sentinels
  8 cyclopes
  6 meliai
  8 black mambas
  An elephant (shapeshifter) (Depths:3)
  4 kobold blastminers
  5 moths of wrath
  10 elephants
  4 torpor snails
  4 smoke demons
  A black mamba (shapeshifter) (D:8)
  A rust devil (Pan)
  Maggie (D:6)
  An orange demon (Pan)
  An unseen horror (D:8)
  2 eyes of devastation
  3 centaur skeletons (D:14)
  11 cane toads
  12 yaktaurs
  5 rime drakes
  3 swamp worm zombies (Swamp:4)
  2 nameless horrors (Vaults:1)
  Psyche (D:12)
  An ancient zyme (Abyss:3)
  4 efreet
  A freezing wraith (Vaults:3)
  3 tormentors
  7 komodo dragons
  2 guardian mummies (Crypt:1)
  2 ice devils
  5 tengu conjurers
  13 trolls
  A hellwing (Abyss:3)
  4 hydra zombies (Swamp:4)
  9 tyrant leeches
  7 bloated husks
  12 hornets
  A queen bee (D:15)
  9 polar bears
  19 blink frogs
  A shadow dragon simulacrum (Crypt:2)
  27 tarantellas
  A stone giant simulacrum (Vaults:1)
  3 spectral swamp dragons (Swamp:4)
  4 dream sheep (Lair:5)
  63 slime creatures
  A human simulacrum (Vaults:1)
  Sigmund (D:3)
  32 jumping spiders
  9 small abominations
  18 spriggans
  2 spriggan skeletons (Depths:1)
  A dire elephant simulacrum (Crypt:1)
  2 air elementals (Elf:1)
  4 wraiths
  19 culicivoras
  2 vampires
  2 wyverns
  73 yaks
  10 ynoxinuls (Pan)
  6 golden eyes
  13 starcursed masses
  4 fire elementals
  3 tyrant leech zombies (Swamp:4)
  A warg (Orc:2)
  4 fire bats (Depths:3)
  An elf simulacrum (Vaults:1)
  8 basilisks
  A neqoxec (Pan)
  6 spatial vortices (Abyss:3)
  7 vampire mosquitoes
  2 steam dragons
  30 redbacks
  A chaos spawn (Pan)
  20 swamp worms
  3 acid dragons
  3 hell hounds
  19 water moccasins
  3 swamp drakes
  3 ice beasts
  A spriggan simulacrum (Depths:1)
  3 swamp dragon zombies (Swamp:4)
  7 black bears
  14 orc warriors
  A black mamba simulacrum (Crypt:1)
  3 laughing skulls (Crypt:1)
  23 wolves
  20 ogres
  5 boggarts (Lair:5)
  6 centaurs
  A dream sheep skeleton (Crypt:1)
  2 phantoms (Swamp:4)
  2 kobold brigands
  17 bullfrogs
  4 earth elementals
  3 gnoll sergeants
  7 scorpions
  A burial acolyte (Crypt:3)
  20 killer bees (D:15)
  2 electric eels
  A raiju skeleton (Crypt:2)
  A howler monkey (D:11)
  5 crimson imps
  A quasit (Abyss:3)
  11 orc priests
  2 bombardier beetles
  3 hounds
  2 human zombies (Crypt:1)
  A gnoll bouda (D:9)
  An iguana (D:5)
  A jelly (D:6)
  An iron imp (Orc:1)
  A basilisk skeleton (Crypt:1)
  2 human skeletons (Crypt:1)
  Crazy Yiuf (D:5)
  2 sleepcaps
  24 orc wizards
  A boggart skeleton (D:14)
  4 mummies (Crypt:1)
  A howler monkey skeleton (Crypt:1)
  A howler monkey zombie (Crypt:1)
  19 gnolls
  12 adders
  3 shadow imps
  4 white imps
  2 ufetubi (D:6)
  4 dart slugs
  A ribbon worm (D:2)
  65 orcs
  5 ball pythons
  5 bats
  6 endoplasms
  3 giant cockroaches
  9 goblins
  7 hobgoblins
  8 jackals
  15 kobolds
  A quokka (D:3)
  4 frilled lizards
  2 rats (D:3)
  A butterfly (D:1)
  3 fire vortices (Pan)
  2 starspawn tentacles (Abyss:1)
1667 creatures vanquished.

Vanquished Creatures (collateral kills)
  A pandemonium lord (Pan)
  An ancient lich (Vaults:3)
  2 royal mummies (Crypt:1)
  Sojobo (Depths:1)
  Boris (Vaults:3)
  Bai Suzhen (Vaults:2)
  A golden dragon (Vaults:5)
  Jory (Crypt:3)
  Norris (Vaults:3)
  A profane servitor (Crypt:3)
  A doom hound (Crypt:1)
  2 bone dragons
  A hellephant (Abyss:3)
  2 Brimstone Fiends (Pan)
  A Hell Sentinel (Pan)
  An Ice Fiend (Pan)
  Grunn (Crypt:1)
  3 tentacled monstrosities
  Asterion (Elf:2)
  2 liches (Vaults:3)
  2 sphinxes
  A deep elf blademaster (Elf:2)
  5 titans
  5 acid blobs
  2 quicksilver dragons (Vaults:5)
  An Executioner (Pan)
  A thorn hunter (Swamp:4)
  2 storm dragons (Vaults:5)
  4 tengu reavers
  4 shadow dragons (Vaults:5)
  An azure jelly (Slime:3)
  7 fire giants
  3 revenants
  6 frost giants
  A daeva (Pan)
  2 demonspawn warmongers (Pan)
  8 rockslimes
  3 iron dragons (Vaults:5)
  The ghost of Qyvoanyo the Sorcerer, an adept DEFE of Vehumet (Elf:2)
  2 deep elf sorcerers (Elf:3)
  6 vault wardens
  A deep elf elementalist (Elf:3)
  4 balrugs (Pan)
  6 emperor scorpions
  A ghost moth (Spider:4)
  4 draconian shifters
  2 reapers (Crypt:1)
  3 ghouls
  2 broodmothers (Spider:3)
  5 very ugly things
  An orc warlord (Vaults:4)
  10 ironbound preservers
  11 stone giants
  An ironbound thunderhulk (Vaults:3)
  2 quicksilver oozes
  A spriggan defender (Depths:2)
  4 formless jellyfish
  9 vampire knights
  A deep elf death mage (Crypt:3)
  A black draconian (Zot:1)
  The ghost of minbekrie the Basher, a journeyman FoFi of Cheibriados (D:11)
  11 dire elephants
  3 deep elf annihilators (Elf:3)
  A demonspawn black sun (Pan)
  Azrael (Lair:3)
  A war gargoyle (Vaults:4)
  A minotaur (D:13)
  A bunyip (Swamp:3)
  5 spark wasps
  8 ettins
  19 jiangshi
  A spectral quicksilver dragon (Crypt:3)
  A mummy priest (Crypt:1)
  7 yaktaur captains
  2 entropy weavers
  3 fire dragons
  2 eidola (Crypt:2)
  3 deep elf high priests
  2 ice dragons
  A spectral spriggan (Crypt:3)
  A hydra (Swamp:3)
  3 great orbs of eyes
  9 vault guards
  2 rakshasas
  A salamander tyrant (Depths:2)
  4 centaur warriors
  3 ironbound frosthearts
  A jorogumo (Spider:4)
  An ogre mage (D:14)
  A radroach (Spider:3)
  4 boulder beetles
  An anaconda (shapeshifter) (Depths:2)
  5 dancing weapons (Elf:2)
  9 demonic crawlers
  4 death knights
  2 tengu warriors
  A deep troll earth mage (Depths:2)
  3 soul eaters
  3 spriggan berserkers
  3 vampire magi (Crypt:2)
  A storm dragon zombie (Crypt:2)
  3 deep elf knights (Elf:2)
  13 sun demons
  A shadow wraith (Crypt:3)
  2 skysharks (Vaults:3)
  2 wretched stars
  4 iron trolls
  3 pharaoh ants
  19 skeletal warriors
  A sun moth (Spider:4)
  2 orb spiders (Spider:4)
  2 glowing orange brains
  4 flayed ghosts
  38 deep trolls
  A harpy (Vaults:3)
  2 bog bodies (Crypt:3)
  4 necromancers
  A bunyip skeleton (Crypt:2)
  3 orc knights
  5 deep elf archers
  8 ironbound convokers
  7 phantasmal warriors
  2 thermic dynamos (Elf:2)
  4 lindwurms (Vaults:2)
  A steelbarb worm (shapeshifter) (Vaults:5)
  5 steelbarb worms
  3 deep elf pyromancers (Vaults:5)
  6 wolf spiders
  4 deep elf zephyrmancers (Elf:2)
  8 shining eyes
  An eleionoma zombie (Crypt:1)
  A frost giant zombie (Vaults:1)
  A shining eye (shapeshifter) (Depths:3)
  11 ugly things
  A cyclops (shapeshifter) (Vaults:5)
  A faun (shapeshifter) (Vaults:5)
  4 elephants
  A rust devil (Pan)
  A dire elephant zombie (Crypt:2)
  11 vault sentinels
  A water nymph (shapeshifter) (Vaults:5)
  3 smoke demons (Pan)
  A large abomination (Abyss:3)
  2 eyes of devastation (Slime:5)
  A hellion (Pan)
  2 spriggan zombies (Depths:1)
  4 efreet
  10 freezing wraiths
  A spectral naga (Crypt:3)
  An ancient zyme (Abyss:3)
  4 yaktaurs
  2 tyrant leeches (Swamp:3)
  A death yak skeleton (Crypt:2)
  2 hornets (Depths:4)
  10 tarantellas
  A glass eye (Slime:3)
  An ettin zombie (Vaults:1)
  A snapping turtle (shapeshifter) (Vaults:5)
  5 jumping spiders
  53 slime creatures
  9 culicivoras
  7 ynoxinuls
  A spriggan (Lair:5)
  5 small abominations
  10 wraiths
  A naga simulacrum (Crypt:2)
  4 nameless horrors
  3 shadows
  An elf zombie (Vaults:1)
  3 fire elementals
  A black mamba skeleton (Crypt:2)
  4 golden eyes
  2 basilisks (D:13)
  A warg (Vaults:5)
  18 redbacks
  A chaos spawn (Pan)
  A harpy simulacrum (Crypt:2)
  2 spatial vortices (Abyss:3)
  A water moccasin (Lair:5)
  A water nymph zombie (Crypt:1)
  A two-headed ogre skeleton (Crypt:2)
  A deep troll skeleton (Crypt:1)
  A black bear (Lair:5)
  An orc zombie (Vaults:1)
  A water nymph skeleton (Crypt:2)
  15 laughing skulls
  A wolf (Lair:5)
  An ogre (Orc:2)
  A human zombie (Vaults:1)
  2 centaurs (D:11)
  A human skeleton (Vaults:1)
  A weeping skull (Crypt:3)
  3 burial acolytes (Crypt:3)
  3 killer bees (D:15)
  A swamp dragon simulacrum (Crypt:3)
  2 polar bear skeletons (Crypt:2)
  A human simulacrum (Vaults:1)
  A black bear zombie (Crypt:2)
  An orc wizard (D:11)
  An ogre zombie (Crypt:1)
  2 gnolls (D:10)
  A white imp (D:14)
  A lava snake skeleton (Crypt:2)
  A gnoll skeleton (Crypt:2)
  2 fire vortices (Pan)
  A spectral weapon (Elf:2)
719 creatures vanquished.

Vanquished Creatures (others)
  A deep elf elementalist (Elf:3)
  A ghost crab (Swamp:4)
  A pharaoh ant (Spider:4)
  3 bloated husks (Swamp:4)
  A jumping spider (Spider:4)
  An ettin simulacrum (Crypt:1)
  3 phantoms (Swamp:4)
  2 orcs (D:6)
  159 ball lightnings
  A boulder (D:5)
  10 foxfires (Swamp:4)
  2 starspawn tentacles (Abyss:1)
185 creatures vanquished.

Grand Total: 2571 creatures vanquished

Notes
Turn   | Place    | Note
-------+----------+-------------------------------------------
     0 | D:1      | SlaveLabor the Djinni Air Elementalist began the quest for
                  | the Orb.
     0 | D:1      | SlaveLabor set off with the following spells memorised:
                  | Shock, Static Discharge, Swiftness, Airstrike.
     0 | D:1      | Reached XP level 1. HP: 15/15 MP: 0/0
    59 | D:1      | Reached XP level 2. HP: 20/22 MP: 0/0
   270 | D:1      | Reached skill level 1 in Fighting
   323 | D:1      | Reached XP level 3. HP: 23/27 MP: 0/0
   323 | D:1      | Learned a level 1 spell: Necrotise
  1075 | D:2      | Reached XP level 4. HP: 30/32 MP: 0/0
  1084 | D:2      | Found a faded altar of an unknown god.
  1189 | D:2      | Identified the +1 dagger "Qaicih" {venom, rN+}
  1212 | D:2      | Reached skill level 2 in Fighting
  1448 | D:3      | Reached XP level 5. HP: 34/38 MP: 0/0
  1448 | D:3      | Learned a level 2 spell: Lesser Beckoning
  1469 | D:3      | Noticed Sigmund
  1484 | D:3      | Killed Sigmund
  1485 | D:3      | Reached skill level 5 in Spellcasting
  1485 | D:3      | Reached skill level 5 in Conjurations
  1485 | D:3      | Reached skill level 5 in Hexes
  1485 | D:3      | Reached skill level 5 in Summonings
  1485 | D:3      | Reached skill level 5 in Necromancy
  1485 | D:3      | Reached skill level 5 in Translocations
  1485 | D:3      | Reached skill level 5 in Fire Magic
  1485 | D:3      | Reached skill level 5 in Ice Magic
  1485 | D:3      | Reached skill level 5 in Air Magic
  1485 | D:3      | Reached skill level 5 in Earth Magic
  1485 | D:3      | Reached skill level 5 in Alchemy
  1485 | D:3      | Reached XP level 6. HP: 12/43 MP: 0/0
  2138 | D:4      | Noticed a black bear
  2149 | D:4      | Reached XP level 7. HP: 37/49 MP: 0/0
  2149 | D:4      | Learned a level 3 spell: Summon Ice Beast
  2287 | D:4      | Found a stormy altar of Qazlal.
  2552 | D:4      | Found a glowing silver altar of Zin.
  2585 | D:4      | Found an opulent altar of Gozag.
  2592 | D:4      | Became a worshipper of Gozag Ym Sagoz the Greedy
  2774 | D:4      | Found a shimmering altar of Xom.
  2774 | D:4      | Found a bloodstained altar of Trog.
  2809 | D:5      | Entered Level 5 of the Dungeon
  2822 | D:5      | Noticed a water moccasin
  2826 | D:5      | Killed a water moccasin
  3086 | D:5      | Reached XP level 8. HP: 31/54 MP: 0/0
  3294 | D:5      | Reached skill level 1 in Shields
  3649 | D:5      | Found a runed translucent door.
  3650 | D:5      | Noticed Crazy Yiuf
  3968 | D:6      | Reached skill level 3 in Fighting
  4160 | D:6      | Noticed Maggie
  4167 | D:6      | Killed Maggie
  4453 | D:6      | Reached skill level 4 in Fighting
  4453 | D:6      | Reached XP level 9. HP: 57/62 MP: 0/0
  4453 | D:6      | Learned a level 4 spell: Flame Wave
  4464 | D:6      | Reached skill level 1 in Armour
  4615 | D:6      | Found a white marble altar of Elyvilon.
  4855 | D:6      | Found a hide-covered altar of Uskayaw.
  4893 | D:6      | Reached skill level 5 in Dodging
  4971 | D:6      | Found a burning altar of Makhleb.
  5102 | D:6      | Found a staircase to the Ecumenical Temple.
  5840 | D:7      | Reached skill level 5 in Fighting
  6859 | D:5      | Killed Crazy Yiuf
  7001 | D:8      | Noticed an elephant
  7014 | D:8      | Killed an elephant
  7015 | D:8      | Reached skill level 5 in Shields
  7015 | D:8      | Reached XP level 10. HP: 39/70 MP: 0/0
  7387 | D:8      | Noticed a two-headed ogre
  7393 | D:8      | Killed a two-headed ogre
  7394 | D:8      | Reached skill level 5 in Armour
  7914 | D:8      | Found a snail-covered altar of Cheibriados.
  8008 | D:8      | Found a basalt altar of Yredelemnul.
  8656 | D:8      | Noticed a skeletal warrior
  8679 | D:8      | Killed a skeletal warrior
  8790 | D:8      | Noticed a skeletal warrior
  8794 | D:8      | Killed a skeletal warrior
  8795 | D:8      | Reached skill level 10 in Spellcasting
  8795 | D:8      | Reached skill level 10 in Conjurations
  8795 | D:8      | Reached skill level 10 in Hexes
  8795 | D:8      | Reached skill level 10 in Summonings
  8795 | D:8      | Reached skill level 10 in Necromancy
  8795 | D:8      | Reached skill level 10 in Translocations
  8795 | D:8      | Reached skill level 10 in Fire Magic
  8795 | D:8      | Reached skill level 10 in Ice Magic
  8795 | D:8      | Reached skill level 10 in Air Magic
  8795 | D:8      | Reached skill level 10 in Earth Magic
  8795 | D:8      | Reached skill level 10 in Alchemy
  8795 | D:8      | Reached skill level 1 in Evocations
  8795 | D:8      | Reached XP level 11. HP: 64/76 MP: 0/0
  8795 | D:8      | Learned a level 4 spell: Iskenderun's Mystic Blast
  8927 | D:8      | Noticed a manticore
  8933 | D:8      | Killed a manticore
  9016 | D:8      | Noticed a red ugly thing
  9024 | D:8      | Killed a red ugly thing
  9025 | D:8      | Reached skill level 6 in Fighting
  9147 | D:8      | Noticed a five-headed hydra
  9163 | D:8      | Killed a five-headed hydra
  9372 | D:8      | Found a staircase to the Lair.
  9372 | D:8      | Noticed an elephant
  9387 | D:8      | Killed an elephant
  9388 | D:8      | Reached skill level 7 in Fighting
  9585 | D:9      | Found an ornate altar of the Wu Jian Council.
 10628 | D:10     | Entered Level 10 of the Dungeon
 10628 | D:10     | Found a shadowy altar of Dithmenos.
 10731 | D:10     | Found a staircase to the Orcish Mines.
 10751 | D:10     | Noticed a two-headed ogre
 10756 | D:10     | Killed a two-headed ogre
 10860 | D:10     | Reached skill level 8 in Fighting
 10944 | D:10     | Noticed a two-headed ogre
 10949 | D:10     | Killed a two-headed ogre
 10950 | D:10     | Reached XP level 12. HP: 68/88 MP: 0/0
 11048 | D:10     | Found Enyffo's Weapon Shoppe.
 11430 | D:10     | Found a glowing golden altar of the Shining One.
 11610 | D:11     | Found a runed translucent gate.
 11611 | D:11     | Found a runed translucent gate.
 11618 | D:11     | Found a runed translucent gate.
 11618 | D:11     | Noticed a two-headed ogre
 11618 | D:11     | Noticed a deep troll earth mage
 11618 | D:11     | Noticed minbekrie's ghost (journeyman FoFi)
 11714 | D:11     | Noticed Erica
 11719 | D:11     | Killed Erica
 11828 | D:11     | Reached skill level 9 in Fighting
 11994 | D:11     | Found Ywaoxt's General Store.
 12000 | D:11     | Bought a potion of haste for 160 gold pieces
 12000 | D:11     | Bought a scroll of identify for 32 gold pieces
 12000 | D:11     | Bought a scroll of poison for 64 gold pieces
 12211 | D:11     | Reached skill level 10 in Dodging
 12713 | Lair:1   | Entered Level 1 of the Lair of Beasts
 12787 | Lair:1   | Reached skill level 10 in Fighting
 13961 | Lair:1   | Reached XP level 13. HP: 73/97 MP: 0/0
 13961 | Lair:1   | Learned a level 5 spell: Yara's Violent Unravelling
 14304 | Lair:1   | Reached skill level 11 in Fighting
 15369 | Lair:2   | Noticed Urug
 16001 | Lair:2   | Reached skill level 12 in Fighting
 16557 | Lair:2   | Killed Urug
 17832 | Lair:2   | Found the +8 whip "Snakebite" {venom, curare, rPois}
 18174 | Orc:1    | Entered Level 1 of the Orcish Mines
 18257 | Orc:2    | Entered Level 2 of the Orcish Mines
 18269 | Orc:2    | Reached XP level 14. HP: 76/108 MP: 0/0
 18606 | Orc:2    | Reached skill level 13 in Fighting
 19309 | Orc:2    | Found Royqulae's Antique Armour Emporium.
 19334 | Orc:2    | Reached skill level 14 in Fighting
 19988 | Orc:1    | You are sucked into a shaft and drop 1 floor!
 19988 | Orc:2    | Found Citwopos's Weapon Emporium.
 19988 | Orc:2    | Found Nerur's Antique Weapon Emporium.
 19988 | Orc:2    | Found Enkyabap's Book Shop.
 20194 | Orc:2    | Found Zontirr's Weapon Shoppe.
 20439 | Orc:2    | Found a staircase to the Elven Halls.
 20905 | Orc:1    | Identified the +1 hat of Dishonesty {-Cast rF++ rC+}
 20905 | Orc:1    | Identified the +1 robe of Dudeseh {rF+ rN+ MP+9}
 21128 | Orc:2    | Bought the +3 warlock's mirror {omnireflect} for 1520 gold
                  | pieces
 21128 | Orc:2    | Found the +3 warlock's mirror {omnireflect}
 21177 | D:10     | Bought a potion of degeneration for 12 gold pieces
 21177 | D:10     | Bought a scroll of identify for 24 gold pieces
 21177 | D:10     | Bought a scroll of identify for 24 gold pieces
 21177 | D:10     | Bought a potion of curing for 36 gold pieces
 21177 | D:10     | Bought a scroll of vulnerability for 48 gold pieces
 21177 | D:10     | Bought a +0 helmet of see invisible for 138 gold pieces
 21196 | D:10     | Bought quicksilver dragon scales for 960 gold pieces
 21611 | Lair:3   | Found a hole to the Spider Nest.
 21814 | Lair:3   | Found a staircase to the Swamp.
 21814 | Lair:3   | Noticed an eleionoma
 21818 | Lair:3   | Killed an eleionoma
 21819 | Lair:3   | Reached XP level 15. HP: 91/118 MP: 0/0
 21819 | Lair:3   | Learned a level 6 spell: Conjure Ball Lightning
 21909 | Lair:3   | Identified the +5 flail "Anwamp" {heavy, rF+}
 22150 | Lair:3   | Noticed Fannar
 22922 | Lair:4   | Reached skill level 15 in Fighting
 23478 | Lair:4   | Found a staircase to the Slime Pits.
 23478 | Lair:4   | Found a viscous altar of Jiyva.
 23823 | Lair:5   | Entered Level 5 of the Lair of Beasts
 25090 | Lair:5   | Found the +3 greatsling "Punk" {acid, rCorr}
 26406 | D:9      | Bought a potion of curing for 33 gold pieces
 26406 | D:9      | Bought a scroll of teleportation for 33 gold pieces
 26406 | D:9      | Bought a scroll of teleportation for 33 gold pieces
 26976 | D:12     | Found a portal to a secret trove of treasure.
 27079 | D:12     | Reached XP level 16. HP: 66/126 MP: 0/0
 27676 | D:12     | Identified the +1 pair of gloves of the Eternal Void {Harm
                  | rN+++ Dex-5 Stlth-}
 27842 | D:12     | Noticed Psyche
 27845 | D:12     | Killed Psyche
 28006 | D:13     | Reached skill level 15 in Spellcasting
 28006 | D:13     | Reached skill level 15 in Conjurations
 28006 | D:13     | Reached skill level 15 in Hexes
 28006 | D:13     | Reached skill level 15 in Summonings
 28006 | D:13     | Reached skill level 15 in Necromancy
 28006 | D:13     | Reached skill level 15 in Translocations
 28006 | D:13     | Reached skill level 15 in Fire Magic
 28006 | D:13     | Reached skill level 15 in Ice Magic
 28006 | D:13     | Reached skill level 15 in Air Magic
 28006 | D:13     | Reached skill level 15 in Earth Magic
 28006 | D:13     | Reached skill level 15 in Alchemy
 28394 | D:13     | You are sucked into a shaft and drop 1 floor!
 30223 | D:13     | Found a runed translucent door.
 30970 | D:14     | Found a gate to the Vaults.
 31185 | D:15     | Entered Level 15 of the Dungeon
 31231 | D:15     | Identified the +1 sling "Kiun" {antimagic, rCorr Str+2
                  | Dex+3}
 31692 | D:15     | Noticed Nessos
 31696 | D:15     | Killed Nessos
 32031 | D:15     | Noticed a frost giant
 32441 | Swamp:1  | Entered Level 1 of the Swamp
 32957 | Swamp:1  | Identified the +3 buckler of the Dolphin {-Tele rN+ Regen+
                  | Int+2}
 33737 | Swamp:2  | Reached XP level 17. HP: 113/131 MP: 0/0
 33737 | Swamp:2  | Learned a level 7 spell: Summon Hydra
 34511 | Lair:3   | Killed Fannar
 34574 | Lair:3   | Identified the +5 long sword of Discretion {flame, Fly rN+
                  | Will+ SInv}
 35153 | Swamp:2  | Bought the ring "Ycsu" {rF+ rC+} for 585 gold pieces
 36580 | Swamp:4  | Entered Level 4 of the Swamp
 36593 | Swamp:4  | Reached skill level 10 in Armour
 36615 | Swamp:4  | Reached skill level 10 in Shields
 38839 | Swamp:4  | Noticed a thorn hunter
 38845 | Swamp:4  | Killed a thorn hunter
 39067 | Swamp:4  | Identified the +5 plate armour of the Earth {Harm}
 39129 | Swamp:4  | Noticed a bone dragon
 39146 | Swamp:4  | Killed a bone dragon
 39302 | Swamp:4  | Got a decaying rune of Zot
 39654 | Elf:1    | Entered Level 1 of the Elven Halls
 40186 | Elf:1    | Reached XP level 18. HP: 112/138 MP: 0/0
 40423 | Elf:1    | You are sucked into a shaft and drop 1 floor!
 40428 | Elf:2    | Noticed Asterion
 40434 | Elf:2    | Upgraded the game from 0.32-a0-519-g08f29ac1c3 to
                  | 0.32-a0-986-ga09f62fbf4
 40677 | Elf:1    | Paralysed by an air elemental for 1 turns
 41233 | Elf:2    | Found a runed translucent gate.
 41233 | Elf:2    | Found a runed translucent gate.
 41233 | Elf:2    | Found a runed translucent gate.
 41237 | Elf:2    | Noticed Qyvoanyo's ghost (adept DEFE)
 41623 | Elf:2    | Reached skill level 15 in Dodging
 41844 | Elf:2    | Found a runed translucent gate.
 41844 | Elf:2    | Found a runed translucent gate.
 41856 | Elf:2    | Found a runed translucent gate.
 41937 | Elf:2    | Noticed Jorgrun
 41946 | Elf:2    | Killed Jorgrun
 43076 | Elf:2    | Killed Qyvoanyo's ghost
 43326 | Elf:2    | Killed Asterion
 43859 | Elf:2    | Noticed a deep elf blademaster
 43869 | Elf:2    | Killed a deep elf blademaster
 44824 | Elf:3    | Entered Level 3 of the Elven Halls
 44880 | Elf:2    | Reached XP level 19. HP: 126/143 MP: 0/0
 44880 | Elf:2    | Learned a level 6 spell: Summon Cactus Giant
 45012 | Elf:3    | Found Emysitzo's Distillery.
 45015 | Elf:3    | Bought a potion of haste for 130 gold pieces
 46391 | Elf:3    | Reached skill level 16 in Fighting
 47139 | Elf:3    | Noticed a deep elf blademaster
 47148 | Elf:3    | Killed a deep elf blademaster
 47443 | Elf:3    | Identified the ring "Facluboh" {rN+ Int+3}
 48639 | Elf:3    | Identified the +2 orcbow "Fakho" {flame, *Corrode rPois
                  | Dex+5 Stlth+}
 48639 | Elf:3    | Identified the ring "Fucleoro" {SInv Stlth+}
 48693 | Elf:3    | Identified the +0 leather armour "Idoghed" {rPois MP+9
                  | Str+2}
 49091 | Spider:1 | Entered Level 1 of the Spider Nest
 49091 | Spider:1 | Noticed Azrael
 49191 | Lair:3   | Killed Azrael
 49822 | Spider:1 | Reached skill level 17 in Fighting
 51322 | Spider:2 | Reached XP level 20. HP: 143/155 MP: 0/0
 53827 | Spider:3 | Reached skill level 18 in Fighting
 54851 | Spider:4 | Entered Level 4 of the Spider Nest
 55930 | Spider:4 | Got a gossamer rune of Zot
 55959 | Spider:4 | Identified the orb of a Gauntlet {mayhem, SInv Hexes}
 56692 | Vaults:1 | Entered Level 1 of the Vaults
 56696 | Vaults:1 | Reached XP level 21. HP: 148/165 MP: 0/0
 56696 | Vaults:1 | Learned a level 8 spell: Ignition
 56891 | D:11     | Killed minbekrie's ghost
 56895 | D:11     | Reached skill level 19 in Fighting
 58636 | Vaults:1 | Found Heeniupn's Weapon Emporium.
 58705 | Vaults:1 | Reached skill level 20 in Fighting
 59088 | Vaults:1 | Bought the ring "Gahec" {+Blink rElec rPois rF+ MP-9} for
                  | 563 gold pieces
 59251 | Vaults:2 | Found Xutolyo's Assorted Antiques.
 59276 | Vaults:2 | Found Tiuluxac's Assorted Antiques.
 59329 | Vaults:2 | Found a flickering gateway to a bazaar.
 59338 | Bazaar   | Entered a bazaar
 59363 | Bazaar   | Found Dauserae's Jewellery Boutique.
 59385 | Bazaar   | Found Bexun's Antique Armour Emporium.
 59410 | Bazaar   | Found Ekhymuimm's Distillery.
 59426 | Bazaar   | Found Uxkalusi's Jewellery Shoppe.
 59435 | Bazaar   | Bought the ring of Lady Luck {rElec rPois Str+3 Int+6} for
                  | 484 gold pieces
 59489 | Bazaar   | Bought a potion of mutation for 128 gold pieces
 59504 | Bazaar   | Bought the amulet "Luhuhero" {Acrobat rC+ rN+ Will-} for
                  | 352 gold pieces
 59576 | Vaults:2 | Noticed Bai Suzhen
 59585 | Vaults:2 | Killed Bai Suzhen
 60246 | Vaults:2 | Identified the +1 scale mail "Qiry" {^Drain rN+ Will+++
                  | Int-5}
 60375 | Vaults:2 | Bought a scroll of teleportation for 90 gold pieces
 60408 | Vaults:2 | Found a staircase to the Crypt.
 60408 | Vaults:2 | Found a basalt altar of Yredelemnul.
 60474 | Vaults:2 | Bought a scroll of butterflies for 128 gold pieces
 60845 | Vaults:3 | Identified the +2 robe of Limited Liability {Dex+4 Stlth-}
 60845 | Vaults:3 | Noticed Boris
 60865 | Vaults:3 | Killed Boris
 60950 | Vaults:3 | Noticed Norris
 60956 | Vaults:3 | Killed Norris
 60957 | Vaults:3 | Reached XP level 22. HP: 159/175 MP: 0/0
 61797 | Vaults:3 | Noticed an ancient lich
 61826 | Vaults:3 | Killed an ancient lich
 61958 | Vaults:3 | Identified the ring of Xyujaj {Ice Int+4 Dex-3}
 62735 | Vaults:4 | Found Riagutt's Jewellery Emporium.
 63327 | Vaults:4 | Found Nidwuc's Distillery.
 63332 | Vaults:4 | Bought a potion of cancellation for 120 gold pieces
 63332 | Vaults:4 | Bought 2 potions of haste for 300 gold pieces
 63332 | Vaults:4 | Bought a potion of cancellation for 120 gold pieces
 63332 | Vaults:4 | Bought a potion of heal wounds for 75 gold pieces
 63349 | Vaults:4 | Found Toas's Armour Shop.
 63708 | Crypt:1  | Entered Level 1 of the Crypt
 63716 | Crypt:1  | Identified the ring "Lumukh" {Ice ^Drain MP+9 Str+3 Dex+4}
 63716 | Crypt:1  | Noticed Josephina
 63724 | Crypt:1  | Killed Josephina
 64396 | Crypt:1  | Noticed Grunn
 64402 | Crypt:1  | Killed Grunn
 64408 | Crypt:1  | Noticed a bone dragon
 64414 | Crypt:1  | Killed a bone dragon
 64609 | Crypt:1  | Reached XP level 23. HP: 162/180 MP: 0/0
 64609 | Crypt:1  | Learned a level 8 spell: Infestation
 64951 | Crypt:1  | Noticed a royal mummy
 64975 | Crypt:1  | Killed a royal mummy
 64983 | Crypt:1  | Noticed a royal mummy
 64988 | Crypt:1  | Killed a royal mummy
 65095 | Crypt:1  | Noticed a royal mummy
 65259 | Crypt:1  | Killed a royal mummy
 65324 | Crypt:1  | Found the +7 sceptre of Torment {pain, torment}
 66002 | Crypt:2  | Reached skill level 5 in Evocations
 66419 | Crypt:3  | Entered Level 3 of the Crypt
 66649 | Crypt:3  | Noticed a profane servitor
 66657 | Crypt:3  | Killed a profane servitor
 66729 | Crypt:3  | Found a staircase to the Tomb.
 66729 | Crypt:3  | Noticed Jory
 66733 | Crypt:3  | Killed Jory
 67271 | Crypt:3  | Identified the +2 battleaxe "Nauwkeo" {flame, Dex+5}
 67397 | Crypt:3  | Reached XP level 24. HP: 178/189 MP: 0/0
 67400 | Crypt:3  | Reached skill level 21 in Fighting
 67428 | Crypt:3  | Identified the ring "Gonnaig" {rN++ MP+9 Int+5 Stlth+}
 67428 | Crypt:3  | Identified the ring "Datamid" {Fire Fly rPois rN++}
 67501 | Crypt:3  | Identified the staff of the Genius {rPois Str+3 Int+2
                  | Alchemy}
 67733 | Vaults:5 | Entered Level 5 of the Vaults
 67782 | Vaults:5 | Reached skill level 22 in Fighting
 67795 | Vaults:5 | Noticed a golden dragon
 67801 | Vaults:5 | Killed a golden dragon
 67806 | Vaults:5 | Identified the ring of Riubicaf {EV+5 Int+3}
 67864 | Vaults:5 | Reached XP level 25. HP: 105/200 MP: 0/0
 67864 | Vaults:5 | Learned a level 8 spell: Discord
 67946 | Vaults:5 | Reached skill level 15 in Armour
 68125 | Vaults:5 | Got a silver rune of Zot
 68932 | Vaults:5 | Reached skill level 23 in Fighting
 69534 | Slime:1  | Entered Level 1 of the Pits of Slime
 71000 | Slime:5  | Entered Level 5 of the Pits of Slime
 71164 | Slime:5  | Found a viscous altar of Jiyva.
 71260 | Slime:5  | Noticed the Royal Jelly
 71271 | Slime:5  | Killed the Royal Jelly
 71303 | Slime:5  | Identified the ring "Pootrean" {rN+ Dex+2 SInv}
 71329 | Slime:5  | Identified the ring "Iriad" {rF+ Dex+3}
 71350 | Slime:5  | Identified the +0 kite shield of the Elven Halls {Fly}
 71376 | Slime:5  | Found the +8 lance "Wyrmbane" {slay drac, rPois rF+ rC+
                  | AC+3}
 71382 | Slime:5  | Identified the +0 ice dragon scales "Irghuerph" {rF- rC++
                  | Dex+4}
 71427 | Slime:5  | Identified the +1 plate armour of Precision Catastrophes
                  | {Int+4}
 71439 | Slime:5  | Identified the +2 mace "Beetleslayer" {vamp, rPois Dex+3}
 71456 | Slime:5  | Got a slimy rune of Zot
 71466 | Slime:5  | Identified the +7 plate armour of Inquiry {Rampage}
 72055 | D:15     | Found a staircase to the Depths.
 72146 | D:15     | Reached skill level 1 in Polearms
 72177 | D:15     | Reached XP level 26. HP: 173/210 MP: 0/0
 72424 | D:15     | Reached XP level 27. HP: 216/216 MP: 0/0
 72424 | D:15     | Learned a level 9 spell: Chain Lightning
 72449 | Depths:1 | Entered Level 1 of the Depths
 72847 | Depths:1 | Found a magical portal.
 72937 | Depths:1 | Found a gateway to Hell.
 73005 | Depths:1 | Reached skill level 5 in Polearms
 73249 | Depths:1 | Found a one-way gate to the infinite horrors of the Abyss.
 73253 | Depths:1 | Found Ecaezedda's Distillery.
 73262 | Depths:1 | Bought a potion of mutation for 168 gold pieces
 73655 | Depths:1 | Noticed Sojobo
 73676 | Depths:1 | Killed Sojobo
 73677 | Depths:1 | Reached skill level 24 in Fighting
 73755 | Depths:1 | Found Urghow's Weapon Shop.
 73872 | Depths:2 | Identified the +8 demon whip of the Dark Horse {flame, rF-
                  | rC+++ Dex-3 SInv}
 74556 | Depths:2 | Found a one-way gate leading to the halls of Pandemonium.
 75023 | Depths:3 | Reached skill level 10 in Polearms
 75300 | Depths:3 | Found a one-way gateway to a ziggurat.
 75300 | Depths:3 | Noticed an ancient lich
 75317 | Depths:3 | Killed an ancient lich
 75820 | Depths:3 | Reached skill level 25 in Fighting
 76284 | Depths:4 | Entered Level 4 of the Depths
 76374 | Depths:4 | Found a basalt altar of Yredelemnul.
 76684 | Depths:4 | Found a gate to the Realm of Zot.
 76927 | Depths:4 | Noticed Xtahua
 76943 | Depths:4 | Killed Xtahua
 77452 | Depths:4 | Found Gucvame's Vocational Training.
 77586 | Depths:4 | Bought a manual of Evocations for 1440 gold pieces
 77858 | Depths:3 | Identified the +2 quarterstaff "Niffot" {vamp, Int-4 Dex+6}
 78572 | Depths:1 | Voluntarily entered the Abyss.
 78732 | Abyss:1  | Paralysed by accursed screaming for 1 turns
 79065 | Abyss:3  | Noticed an ancient lich
 79072 | Abyss:3  | Killed an ancient lich
 79091 | Abyss:3  | Found a corrupted altar of Lugonu.
 79101 | Abyss:3  | Got an abyssal rune of Zot
 79106 | Depths:1 | Escaped the Abyss
 79216 | Pan      | Entered Pandemonium
 79760 | Pan      | Noticed Vuizim the pandemonium lord
 79777 | Pan      | Killed Vuizim the pandemonium lord
 80259 | Pan      | Entered the realm of Cerebov.
 80259 | Pan      | Found an exit through the horrors of the Abyss.
 80273 | Pan      | Noticed Mennas
 80311 | Pan      | Killed Mennas
 81388 | Pan      | Found the +6 sword of Cerebov {flame}
 81388 | Pan      | Noticed Cerebov
 81549 | Pan      | Killed Cerebov
 81620 | Pan      | Identified the ring of the Howling Gods {rN+ Int+5 Dex+2
                  | Stlth+}
 81751 | Pan      | Got a fiery rune of Zot
 81870 | Pan      | Identified the amulet "Qebozaos" {rElec Will+ RegenMP+ MP-9
                  | Int+9}
 82165 | Pan      | Took an exit into the Abyss.
 82165 | Abyss:3  | Escaped into the Abyss
 82175 | Abyss:3  | Found a corrupted altar of Lugonu.
 82189 | Depths:2 | Escaped the Abyss
 82253 | Zot:1    | Entered Level 1 of the Realm of Zot
 82383 | Zot:1    | Noticed Parghit
 82396 | Zot:1    | Mangled by a white draconian

Illustrated notes

Levels and vault maps discovered:
D:1:      spicycebolla_arrival_clurvy, layout_basic, minmay_pentomino_z2
D:2:      layout_basic, hellmonk_ecumenical_altar_inner_sanctum,
          kennysheep_decorative_pillar, small_statue_intersection
D:3:      layout_rooms, nicolae_vehumet_radiance, uniq_sigmund
D:4:      layout_cave_pools, pdpol_temple_overflow_zin_treasury_gozag_greed,
          mainiacjoe_overflow_surrounded_room, gammafunk_temple_overflow_pools
D:5:      layout_loops_ring, hangedman_glass_teeth, uniq_crazy_yiuf_cottage
D:6:      layout_loops_cross, elyvilon_altar_3, mainiacjoe_overflow_two_lobes,
          lemuel_temple_firewalk_b, serial_bayou_ford_a, uniq_maggie
D:7:      layout_gridville
D:8:      layout_loops_cross, mainiacjoe_overflow_boulevard,
          mainiacjoe_overflow_cross_hatched, grunt_lair_entry_orc_guard_hut,
          st_stairs_10, minmay_evil_grid
D:9:      layout_loops_corners, nicolae_overflow_hidden_temple,
          nicolae_wu_jian_wuxing_cycle, serial_glass, glass_columns_b,
          glass_columns_b
D:10:     layout_big_octagon, nicolae_tso_carved_into_rock,
          lemuel_crystal_altar, orc_0_dummy, serial_shops, shop, serial_park,
          serial_park_square1 [serial_park_minivault_5x5_4], serial_park_gazebo
          [serial_park_minivault_5x5_4], serial_park_tiny_2
D:11:     layout_gridville, gammafunk_ghost_split, serial_shops, shop,
          uniq_erica
D:12:     layout_gridville, trove_entry_hex_spiral, uniq_psyche
D:13:     layout_loops_ring, mainiacjoe_labyrinth_nostalgia
D:14:     layout_stronghold, hangedman_vaults_entry_quadrant_bands,
          hangedman_abyss_or_decor_lesser_grid, minmay_fire_ice_demons
D:15:     grunt_enter_depths_snipers, layout_rooms, special_room
          [special_room_bee], serial_park_square3 [serial_park_minivault_5x5_5],
          serial_curves, eino_curves_04, eino_curves_02, uniq_nessos
Lair:1:   layout_long_grid, beast_lair_carwin_8
Lair:2:   minmay_guarded_unrand_snakebite, layout_small_grid,
          grunt_megastairs_2, serial_bayou_shore_a, uniq_urug
Lair:3:   layout_regular_city, alex1729_swamp_entry_worm_eleionoma,
          nicolae_spider_entry_lesser_pyramids, beast_lair_carwin_11,
          uniq_fannar
Lair:4:   nzn_motion_control, layout_gridlike, slime_entry_1, st_stairs_9,
          lemuel_fruit_tree
Lair:5:   minmay_lair_end_enchanted_forest, layout_gridlike
Swamp:1:  layout_falls_marsh, evilmike_swamp_ruin_house_1, swamp_pool_1_2
Swamp:2:  layout_basic_swamp, nicolae_swamp_reclaimed_castle
Swamp:3:  layout_falls_marsh, nicolae_swamp_tree_designs, swamp_pool_1_2,
          hangedman_swamp_wriggling
Swamp:4:  swamp_pestilence, layout_basic_swamp, swamp_pool_3
Spider:1: layout_spider_delve, uniq_azrael
Spider:2: layout_spider_delve
Spider:3: layout_spider_delve, hellmonk_test_site
Spider:4: guppyfry_spider_rune, drop_trap
Slime:1:  layout_caves
Slime:2:  layout_caves
Slime:3:  layout_caves
Slime:4:  layout_caves
Slime:5:  slime_pit_nicolae_jellycorners
Orc:1:    layout_caves, portal_ice_cave_entry_pillars_2, hangedman_minor_magic
Orc:2:    st_orc_open, layout_diamond_mine, serial_shops, shop_coins,
          gauntlet_entry_generic
Elf:1:    eino_elf_arrival_customs, layout_geoelf_octagon,
          kennysheep_underground_church
Elf:2:    elven_hall_of_blades_hangedman_original [nicolae_blade_little_rooms],
          layout_loops_ring, ebering_ghost_rock_garden,
          nicolae_fountain_basement, uniq_jorgrun, uniq_asterion
Elf:3:    minmay_elf_hall_dome, layout_geoelf_diagonals, serial_shops, shop
Vaults:1: hangedman_vaults_capsules, v_rooms_5, nicolae_vaults_asterisk,
          nicolae_vaults_tetromino_L_2, ontoclasm_vaults_claustrophobia,
          grunt_vaults_swirl, nicolae_vaults_network_quincunx
          [nicolae_vaults_network_quincunx_subvault,
          nicolae_vaults_network_quincunx_subvault,
          nicolae_vaults_network_quincunx_subvault,
          nicolae_vaults_network_quincunx_subvault,
          nicolae_vaults_network_quincunx_subvault], v_rooms_1,
          nicolae_vaults_house_1, nicolae_vaults_tetromino_T_1, serial_ice_g,
          vaults_room_semicircle, layout_vaults_omnicross, serial_shops,
          shop_statue
Vaults:2: vaults_room_grid, minmay_crypt_entry_necro_gods, v_pattern_4,
          vaults_dpeg_emergency_exit, nicolae_vaults_little_squares_6,
          nicolae_vaults_stairing_the_circle, ontoclasm_vaults_shout,
          nicolae_vaults_house_2, nicolae_vaults_rhombus_6,
          nicolae_vaults_weapon_check, grunt_vaults_hallway_short,
          nicolae_vaults_big_angled_halls, hangedman_vaults_snaps,
          nicolae_vaults_tetromino_L_1, nicolae_vaults_tetromino_T_1,
          layout_vaults_ring, serial_shops, bzr_entry_road,
          nicolae_shop_window_shopping, nicolae_diamond_shop, uniq_bai_suzhen
Vaults:3: nicolae_vaults_shelves_hall, hangedman_vaults_impose,
          nicolae_vaults_double_plus_2, nicolae_vaults_you_can_take_it_with_you,
          nicolae_vaults_wrenched, nicolae_vaults_doubleplus_tesselated,
          v_misc_17, vaults_room_stairs_pillars, layout_vaults_quadrants,
          uniq_boris, uniq_norris
Vaults:4: nicolae_vaults_little_squares_5, v_alt_pattern_6,
          nicolae_vaults_tangram_1, v_alt_pattern_3, nicolae_vaults_diamond_2,
          serial_ice_b, v_misc_23, nicolae_vaults_specimen_jars,
          ontoclasm_vaults_idyll, nicolae_vaults_sesquioval_fish,
          nicolae_vaults_closet_pinwheel_6, layout_vaults_maze_bifur,
          serial_shops, shop, nicolae_shop_just_a_little_nook, shop
Vaults:5
Crypt:1:  minmay_guarded_unrand_sceptre_of_torment, layout_chaotic_city,
          grunt_crypt_arrival_guarded_gate, uniq_josephina, uniq_grunn
Crypt:2:  layout_misc_corridors
Crypt:3:  grunt_crypt_end_deaths_head, uniq_margery
Depths:1: layout_basic, serial_shops, nicolae_lakefront_shop, shop,
          hangedman_coc_ice_floe, lightli_enter_wizlab_magi_temple, abyss_entry,
          nicolae_sextant, minmay_microvault, uniq_sojobo
Depths:2: minmay_firetagon, layout_gridville, rand_demon_pan_entry_7, hell_entry
Depths:3: cheibrodos_salmonella, layout_cave_pools, enter_ziggurat_c,
          hell_entry, grunt_pan_entry_spiral, abyss_entry,
          infiniplex_staircase_zigzag_3, serial_bayou_shore_b, firewood_loft
Depths:4: grunt_zot_entry_bicorn, layout_honeycomb, hell_entry,
          lemuel_statue_altar, st_stairs_6, nicolae_shop_vocational,
          serial_bayou_shore_b, uniq_xtahua
Zot:1:    layout_basic, uniq_parghit

Skill      XL: |  1  2  3  4  5  6  7  8  9 10 11 12 13 14 15 16 17 18 19 20 21 22 23 24 25 26 27 |
---------------+----------------------------------------------------------------------------------+-----
Fighting       | 1 2 4 5 8 10 12 14 15 17 18 20 22 23 25 | 25.0
Spellcasting   | 4 5 7 10 11 12 14 15 17 18 19 20 22 | 22.8
Conjurations   | 4 5 7 10 11 12 14 15 17 18 19 20 22 | 22.8
Hexes          | 4 5 7 10 11 12 14 15 17 18 19 20 22 | 22.8
Summonings     | 4 5 7 10 11 12 14 15 17 18 19 20 22 | 22.8
Necromancy     | 4 5 7 10 11 12 14 15 17 18 19 20 22 | 22.8
Translocations | 4 5 7 10 11 12 14 15 17 18 19 20 22 | 22.8
Fire Magic     | 4 5 7 10 11 12 14 15 17 18 19 20 22 | 22.8
Ice Magic      | 4 5 7 10 11 12 14 15 17 18 19 20 22 | 22.8
Air Magic      | 4 5 7 10 11 12 14 15 17 18 19 20 22 | 22.8
Earth Magic    | 4 5 7 10 11 12 14 15 17 18 19 20 22 | 22.8
Alchemy        | 4 5 7 10 11 12 14 15 17 18 19 20 22 | 22.8
Shields        | 3 5 7 9 10 | 10.0
Dodging        | 4 5 8 10 11 14 15 17 19 20 22 | 22.3
Armour         | 4 5 7 9 10 12 14 15 17 | 17.7
Evocations     | 1 2 7 |  7.0
Stealth        | 3 |  3.0
Polearms       | 2 12 | 12.0

Action                     |  1- 3 |  4- 6 |  7- 9 | 10-12 | 13-15 | 16-18 | 19-21 | 22-24 | 25-27 || total
---------------------------+-------+-------+-------+-------+-------+-------+-------+-------+-------++-------
  Melee: Unarmed           |     3 |       |       |       |       |       |       |       |       ||     3
         Dagger            |       |       |     4 |       |       |       |       |       |       ||     4
         Staff             |       |       |       |    12 |     6 |       |    61 |    45 |     5 ||   129
         Lance             |       |       |       |       |       |       |       |       |   298 ||   298
   Fire: Greatsling        |       |       |       |       |       |       |       |       |    14 ||    14
   Cast: Shock             |    56 |    76 |    80 |   142 |    54 |     2 |       |       |       ||   410
         Airstrike         |       |     4 |    42 |   106 |   355 |   509 |   468 |   125 |   369 ||  1978
         Swiftness         |       |     1 |     2 |     7 |     9 |    11 |     7 |     2 |    13 ||    52
         Static Discharge  |       |       |    32 |    45 |    20 |     2 |       |       |     1 ||   100
         Flame Wave        |       |       |       |    16 |    50 |    32 |    15 |     6 |     4 ||   123
         Summon Ice Beast  |       |       |       |    13 |    28 |    25 |    46 |     4 |     2 ||   118
         Iskenderun's Myst |       |       |       |     4 |    63 |   167 |    81 |    40 |    91 ||   446
         Yara's Violent Un |       |       |       |       |     1 |     7 |    32 |    19 |    24 ||    83
         Necrotise         |       |       |       |       |     1 |       |       |       |       ||     1
         Summon Hydra      |       |       |       |       |       |    30 |   114 |    90 |    92 ||   326
         Conjure Ball Ligh |       |       |       |       |       |     1 |     2 |     2 |    65 ||    70
         Summon Cactus Gia |       |       |       |       |       |       |    64 |    35 |    30 ||   129
         Ignition          |       |       |       |       |       |       |     3 |    24 |    34 ||    61
         Infestation       |       |       |       |       |       |       |       |    61 |    93 ||   154
         Discord           |       |       |       |       |       |       |       |       |     2 ||     2
         Chain Lightning   |       |       |       |       |       |       |       |       |     2 ||     2
 Invoke: Potion Petition   |       |       |       |       |     1 |     4 |     5 |     9 |    13 ||    32
         Call Merchant     |       |       |       |       |     3 |     1 |     1 |       |       ||     5
    Use: Scroll            |       |       |     9 |     6 |    11 |     9 |     5 |     2 |    14 ||    56
         Potion            |       |       |       |     2 |       |     1 |     1 |     8 |    22 ||    34
   Stab: Sleeping          |       |       |     2 |       |       |       |       |       |       ||     2
         Distracted        |       |       |       |       |       |       |     3 |     1 |     4 ||     8
 Armour: Robe              |     1 |     1 |    20 |       |       |       |       |       |       ||    22
         Swamp dragon scal |       |       |    45 |   145 |   102 |       |       |       |       ||   292
         Quicksilver drago |       |       |       |       |    70 |   131 |   228 |   124 |   397 ||   950
  Dodge: Dodged            |     4 |     1 |    32 |    72 |   101 |    44 |   146 |    73 |   168 ||   641
         Repelled          |       |       |       |     2 |     5 |    13 |       |       |       ||    20
  Block: Buckler           |       |       |     9 |    37 |    71 |    64 |   152 |    70 |   127 ||   530
         Reflection        |       |       |       |       |     5 |    34 |    23 |    18 |    30 ||   110

Table legend: (Time is in decaauts)
 A = Elapsed time spent in this place.
 B = Non-inter-level travel time spent in this place.
 C = Inter-level travel time spent in this place.
 D = Time resting spent in this place.
 E = Time spent auto-exploring this place.
 F = Levels seen in this place.
 G = Mean time per level.
                   A        B        C        D        E       F      G
               +--------+--------+--------+--------+--------+-----+--------+
         Total |  82144 |  74607 |   7537 |   9422 |  53860 |  61 | 1346.6 |
       Dungeon |  22048 |  19457 |   2591 |   2244 |  15259 |  15 | 1469.9 |
          Lair |  11267 |  10217 |   1050 |   1521 |   7542 |   5 | 2253.4 |
         Swamp |   6400 |   6214 |    186 |    788 |   4751 |   4 | 1600.0 |
   Spider Nest |   7075 |   6452 |    623 |    846 |   4698 |   4 | 1768.8 |
    Slime Pits |   2195 |   1703 |    492 |      0 |   1359 |   5 |  439.0 |
  Orcish Mines |   3079 |   2790 |    289 |    694 |   1820 |   2 | 1539.5 |
   Elven Halls |   9263 |   8756 |    507 |   2525 |   5289 |   3 | 3087.7 |
        Vaults |   7855 |   6955 |    900 |    150 |   5450 |   5 | 1571.0 |
         Crypt |   3834 |   3472 |    362 |    170 |   2444 |   3 | 1278.0 |
        Depths |   5423 |   4895 |    528 |     50 |   3881 |   4 | 1355.8 |
           Zot |    137 |    132 |      5 |     29 |     29 |   1 |  137.0 |
         Abyss |    520 |    520 |      0 |     18 |     44 |   4 |  130.0 |
   Pandemonium |   2854 |   2854 |      0 |    386 |   1189 |   5 |  570.8 |
        Bazaar |    189 |    189 |      0 |      0 |    103 |   1 |  189.0 |
               +--------+--------+--------+--------+--------+-----+--------+

Top non-repeatable levels by time:
   Elf:2: 4588 daAuts
     D:8: 2968 daAuts
   Elf:3: 2782 daAuts
    D:14: 2728 daAuts
  Lair:1: 2677 daAuts
  Lair:2: 2646 daAuts
Spider:1: 2355 daAuts
  Lair:5: 2253 daAuts
 Swamp:3: 2239 daAuts
 Swamp:4: 2062 daAuts
  Lair:3: 2058 daAuts
Spider:3: 1927 daAuts
   Orc:1: 1921 daAuts
Vaults:1: 1893 daAuts
   Elf:1: 1892 daAuts
